 Dungeon Crawl Stone Soup version 0.27-a0-242-ge0fc76b88b (webtiles) character file.

Game seed: 13571248823026939318

30 puppykicker the Vexing (level 3, 0/31 HPs)
             Began as a Naga Arcane Marksman on Feb 2, 2021.
             Slain by a jackal (3 damage)
             ... on level 1 of the Dungeon.
             The game lasted 00:03:29 (1236 turns).

puppykicker the Vexing (Naga Arcane Marksman)       Turns: 1236, Time: 00:03:29

Health: 0/31       AC:  3    Str: 13    XL:     3   Next: 20%
Magic:  4/4        EV:  8    Int: 13    God:
Gold:   0          SH:  0    Dex: 11    Spells: 3/4 levels left

rFire    . . .     SeeInvis +   b - +0 short sword
rCold    . . .     Faith    .   (no shield)
rNeg     . . .     Spirit   .   g - +0 ring mail (curse)
rPois    +         Reflect  .   (no helmet)
rElec    .         Harm     .   (no cloak)
rCorr    .         Rampage  .   (no gloves)
Will     .....                  (no barding)
Stlth    +.........             (no amulet)
HPRegen  0.10/turn              (no ring)
MPRegen  0.09/turn              (no ring)

@: short of breath, very slow
A: large, see invisible, deformed body, poison resistance, slowness 2, spit
poison 1, AC +1
a: Spit Poison


You were on level 1 of the Dungeon.
You visited 1 branch of the dungeon, and saw 1 of its levels.

Inventory:

Hand Weapons
 a - a +0 shortbow
 b - a +0 short sword (weapon)
Missiles
 e - 20 arrows
 Q - 24 stones (quivered)
Armour
 g - a cursed +0 ring mail (worn)
Scrolls
 d - a scroll of teleportation {unknown}
 f - a scroll of fog {unknown}
 i - a scroll of remove curse {unknown}
Potions
 c - a potion of degeneration {unknown}
 h - 2 potions of invisibility {unknown}


   Skills:
 + Level 1.5 Fighting
 * Level 2.4 Bows
 + Level 0.8 Armour
 + Level 1.9 Dodging
 - Level 1.0 Spellcasting
 - Level 3.0 Hexes


You had 3 spell levels left.
You knew the following spells:

 Your Spells              Type           Power        Failure   Level
a - Corona                Hex            8%           17%         1

Your spell library contained the following spells:

 Spells                   Type           Power        Failure   Level
 Slow                     Hex            8%           26%         2
 Inner Flame              Hex/Fire       4%           67%         3
 Portal Projectile        Hex/Tloc       8%           67%         3
 Cause Fear               Hex            4%           86%         4
 Leda's Liquefaction      Hex/Erth       2%           97%         4


Dungeon Overview and Level Annotations

Branches:
Dungeon (1/15)

Altars:


Innate Abilities, Weirdness & Mutations

You cannot wear boots.
Your serpentine skin is tough. (AC +1)
You have supernaturally acute eyesight. (SInv)
Armour fits poorly on your strangely shaped body.
Your system is resistant to poisons. (rPois)
You cover ground very slowly.
You can spit poison.


Message History

The jackal bites you but does no damage.
Press: ? - help, Shift-Dir - straight line, f/p - jackal
Aim: a jackal (lightly wounded)
The splash of poison hits the jackal.
The jackal bites you but does no damage.
The jackal closely misses you. The jackal bites you.
* * * LOW HITPOINT WARNING * * *
You take 3 damage, and have 5/31 hp.
You hit the jackal.
You kill the jackal!
The jackal bites you but does no damage.
Unknown command.
You hit the jackal. The jackal barely misses you.
The jackal closely misses you.
You closely miss the jackal. The jackal bites you.
* * * LOW HITPOINT WARNING * * *
You take 2 damage, and have 3/31 hp.
Unknown command.
You closely miss the jackal. The jackal bites you.
You die...

#. ## ....# ##.#.#
....# # #...# #
#...#####. # .#
#..h...... # .#
#.@# ######.# #..#
.......# #..#
.......# #†.#
.......# #..#
.......### #..#
....##...# #..#
###....#.# #..#
###..#...######..#


You could see a jackal.

Levels and vault maps discovered:
D:1:      dpeg_arrival_arbitrary_c, layout_basic

Notes
Turn   | Place    | Note
-------+----------+-------------------------------------------
     0 | D:1      | puppykicker the Naga Arcane Marksman began the quest for
                  | the Orb.
     0 | D:1      | Reached XP level 1. HP: 18/18 MP: 2/2
     8 | D:1      | Identified a +0 dagger
    17 | D:1      | Identified a +0 shortbow
    40 | D:1      | Identified a +0 dagger
    53 | D:1      | Reached skill level 2 in Bows
   295 | D:1      | Identified a +0 dagger
   302 | D:1      | Reached XP level 2. HP: 20/25 MP: 3/3
   370 | D:1      | Identified a +0 club
   371 | D:1      | Identified a +0 club
   373 | D:1      | Identified a +0 club
   576 | D:1      | Identified a +0 dagger
   586 | D:1      | Identified a +0 short sword
   677 | D:1      | Identified a cursed +0 ring mail (You found it on level 1
                  | of the Dungeon)
   748 | D:1      | Identified a +0 club
  1079 | D:1      | Reached XP level 3. HP: 28/31 MP: 4/4
  1104 | D:1      | Identified a ring of poison resistance (You found it on
                  | level 1 of the Dungeon)
  1191 | D:1      | Identified a +0 short sword
  1232 | D:1      | HP: 5/31 [jackal (3)]
  1236 | D:1      | Slain by a jackal

Table legend: (Time is in decaauts)
 A = Elapsed time spent in this place.
 B = Non-inter-level travel time spent in this place.
 C = Inter-level travel time spent in this place.
 D = Time resting spent in this place.
 E = Time spent auto-exploring this place.
 F = Levels seen in this place.
 G = Mean time per level.
                   A        B        C        D        E       F      G
               +--------+--------+--------+--------+--------+-----+--------+
         Total |   1583 |   1583 |      0 |    244 |   1124 |   1 | 1583.0 |
       Dungeon |   1583 |   1583 |      0 |    244 |   1124 |   1 | 1583.0 |
               +--------+--------+--------+--------+--------+-----+--------+

Top non-repeatable levels by time:
     D:1: 1583 daAuts

Table legend:
 A = Kills in this place as a percentage of kills in entire the game.
 B = Kills by you in this place as a percentage of kills by you in the entire game.
 C = Kills by friends in this place as a percentage of kills by friends in the entire game.
 D = Other kills in this place as a percentage of other kills in the entire game.
 E = Experience gained in this place as a percentage of experience gained in the entire game.
 F = Experience gained in this place divided by the number of levels of this place that you have seen.
                   A       B       C       D       E      F
               +-------+-------+-------+-------+-------+----------------------
         Total | 100.0 | 100.0 |   N/A |   N/A | 100.0 |  44.0
       Dungeon | 100.0 | 100.0 |   N/A |   N/A | 100.0 |  44.0
               +-------+-------+-------+-------+-------+----------------------

Skill      XL: |  1 |
---------------+----+-----
Bows           | 2 |  2.4
Fighting       | |  1.5
Armour         | |  0.8
Dodging        | |  1.9
Spellcasting   | |  1.0
Hexes          | |  3.0

Action                   || total
-------------------------++-------
Melee: Dagger            ||    33
       Short sword       ||    36
 Abil: Spit Poison       ||    19
Armor: Robe              ||     8
       Ring mail         ||    24
Dodge: Dodged            ||    52

Vanquished Creatures
  2 leopard geckos (D:1)
  A bat (D:1)
  2 giant cockroaches (D:1)
  7 goblins (D:1)
  2 hobgoblins (D:1)
  2 jackals (D:1)
  3 kobolds (D:1)
  A frilled lizard (D:1)
  5 rats (D:1)
25 creatures vanquished.
